 Dungeon Crawl Stone Soup version 0.22-a0-587-g7d32d7c (webtiles) character file.

819 sking99 the Insei (level 7, -5/36 HPs)
             Began as a Vine Stalker Transmuter on July 4, 2018.
             Was an Initiate of Cheibriados.
             Slain by a gnoll
             ... wielding a +0 halberd
              (10 damage)
             ... on level 5 of the Dungeon.
             The game lasted 00:14:29 (4709 turns).

sking99 the Insei (Vine Stalker Transmuter)         Turns: 4709, Time: 00:14:30

Health: -5/36      AC:  4    Str: 15    XL:     7   Next: 95%
Magic:  0/11       EV: 13    Int: 15    God:    Cheibriados [......]
Gold:   230        SH:  0    Dex: 15    Spells: 3/10 levels left

rFire    . . .     SeeInvis .     - Unarmed
rCold    . . .     Gourm    .   (no shield)
rNeg     . . .     Faith    .   b - +0 robe
rPois    .         Spirit   +   (no helmet)
rElec    .         Reflect  .   (no cloak)
rCorr    .         Harm     .   (no gloves)
MR       .....                  p - +1 pair of boots
Stlth    +.........             (no amulet)
HPRegen  0.52/turn              (no ring)
MPRegen  0.12/turn              (no ring)

@: very slow
A: fangs 2, regeneration 1, magic shield, antimagic bite, no potion heal 3, rot
immunity
a: Bend Time, Renounce Religion


You were on level 5 of the Dungeon.
You worshipped Cheibriados.
Cheibriados was noncommittal.
You were not hungry.

You visited 2 branches of the dungeon, and saw 6 of its levels.

You collected 230 gold pieces.

Inventory:

Missiles
 a - 53 arrows (quivered)
Armour
 b - a +0 robe (worn)
 p - a +1 pair of boots (worn)
Wands
 o - a wand of flame (15)
 t - a wand of random effects (21)
Scrolls
 c - a scroll of remove curse
 e - 3 scrolls of identify
 i - a scroll of enchant weapon
 n - a scroll of magic mapping
Potions
 f - 2 potions of magic
 g - 2 potions of might
 h - 4 potions of degeneration
 k - 2 potions of lignification
 l - a potion of curing
 m - 2 potions of brilliance {unknown}
 r - a potion of resistance
 s - a potion of heal wounds
Comestibles
 d - 6 rations
 j - a chunk of flesh


   Skills:
 + Level 3.0 Fighting
 - Level 2.2 Dodging
 - Level 6.1 Unarmed Combat
 - Level 2.1 Spellcasting
 * Level 5.1 Transmutations
 + Level 2.4 Invocations


You had 3 spell levels left.
You knew the following spells:

 Your Spells              Type           Power        Failure   Level  Hunger
a - Beastly Appendage     Tmut           ###...       2%          1    #......
b - Sticks to Snakes      Tmut           ###.....     4%          2    ###....
c - Ice Form              Ice/Tmut       #.......     58%         4    #####..

Your spell library contained the following spells:

 Spells                   Type           Power        Failure   Level  Hunger
 Fireball                 Conj/Fire      #.........   99%         5    ######.
 Conjure Flame            Conj/Fire      #.......     54%         3    ###....
 Confuse                  Hex            #.......     54%         3    ###....
 Throw Flame              Conj/Fire      #.....       32%         2    ###....
 Controlled Blink         Tloc           N/A          100%        8    #######
 Sticky Flame             Conj/Fire      #.......     91%         4    #####..
 Spider Form              Tmut/Pois      #.........   22%         3    ###....
 Blade Hands              Tmut           ###.......   58%         5    ######.
 Confusing Touch          Hex            #.....       22%         1    #......
 Flame Tongue             Conj/Fire      #....        22%         1    #......
 Metabolic Englaciation   Hex/Ice        #.........   99%         5    ######.
 Dispersal                Tloc           #.........   100%        6    #######
 Portal Projectile        Hex/Tloc       #.....       54%         3    ###....
 Petrify                  Tmut/Erth      #.......     58%         4    #####..
 Inner Flame              Hex/Fire       #.......     54%         3    ###....
 Disjunction              Tloc           #.........   100%        8    #######
 Force Lance              Conj/Tloc      #.......     91%         4    #####..
 Gell's Gravitas          Tloc           #.........   54%         3    ###....
 Yara's Violent Unravell  Hex/Tmut       #.........   91%         5    ######.


Dungeon Overview and Level Annotations

Branches:
Dungeon (5/15)             Temple (1/1) D:5

Altars:
Ashenzari
Cheibriados
Elyvilon
Fedhas
Gozag
Hepliaklqana
Kikubaaqudgha
Okawaru
Qazlal
Trog
Uskayaw
Wu Jian
Xom
Yredelemnul
Zin
The Shining One

Shops:
D:4 :


Innate Abilities, Weirdness & Mutations

You have extremely sharp teeth.
Your natural rate of healing is unusually fast.
When hurt, damage is shared between your health and your magic reserves.
Your bite disrupts and absorbs the magic of your enemies.
Potions cannot restore your health.
You are immune to rotting.


Message History

You hit the gnoll.
The gnoll is lightly wounded.
Your adder bites the gnoll.
The gnoll is poisoned.
Your adder poisons the gnoll!
A gnoll comes into view. It is wielding a spear of venom.
The gnoll hits you with a halberd!
Your adder barely misses the gnoll.
Unknown command.
You hit the gnoll but do no damage.
The gnoll is moderately wounded.
The gnoll hits you with a flail!
* * * LOW HITPOINT WARNING * * *
Your adder misses the gnoll. The gnoll hits you with a halberd.
* * * LOW HITPOINT WARNING * * *
Your adder bites the gnoll but does no damage.
The gnoll hits your adder with a flail!
Your adder dies!
Your ball python bites the gnoll but does no damage.
Your ball python barely misses the gnoll.
The gnoll hits you from afar with a halberd!
You die...

.# #.# #.#
.#####.## #.#
........# #.#
........#
#>#####
#######.#
##.....# #.#
##..>##.#
#.###.....#.#
#
#...........#
#
#####.....@.#
# ##...#.S# #
###.#gg# #
#.#5J# ######
.#gg# ......
.g.. .#..#
....# # #.##


You could see 5 gnolls, a crimson imp, an ooze and a friendly ball python.

Vanquished Creatures
  An ice beast (D:5)
  A scorpion (D:5)
  A centaur zombie (D:5)
  3 hounds (D:4)
  4 orc wizards
  A centaur skeleton (D:5)
  3 worker ants
  6 adders
  An ooze (D:1)
  An adder skeleton (D:5)
  3 worms
  A dart slug (D:1)
  4 leopard geckos
  20 orcs
  5 giant cockroaches
  8 goblins
  12 hobgoblins
  2 jackals (D:3)
  A quokka (D:4)
  5 bats
  5 frilled lizards
  A jackal skeleton (D:4)
  12 kobolds
  7 rats
108 creatures vanquished.

Vanquished Creatures (collateral kills)
  Grinder (D:5)
  A gnoll (D:5)
  An adder (D:4)
  An orc (D:4)
4 creatures vanquished.

Vanquished Creatures (others)
  5 dream sheep (D:3)
  A giant cockroach (D:3)
6 creatures vanquished.

Grand Total: 118 creatures vanquished

Notes
Turn   | Place    | Note
-------+----------+-------------------------------------------
     0 | D:1      | sking99 the Vine Stalker Transmuter began the quest for the Orb.
     0 | D:1      | Reached XP level 1. HP: 9/9 MP: 4/4
   134 | D:1      | Reached skill level 1 in Fighting
   290 | D:1      | Reached XP level 2. HP: 14/14 MP: 3/6
   830 | D:1      | Reached XP level 3. HP: 16/18 MP: 7/7
  1959 | D:2      | Reached skill level 4 in Unarmed Combat
  1963 | D:2      | Gained mutation: Your natural rate of healing is unusually fast. [Vine Stalker growth]
  1963 | D:2      | Reached XP level 4. HP: 17/23 MP: 3/8
  2247 | D:3      | Learned a level 2 spell: Sticks to Snakes
  2252 | D:3      | Learned a level 4 spell: Ice Form
  2257 | D:3      | Found a bloodstained altar of Trog.
  2311 | D:3      | Reached XP level 5. HP: 19/26 MP: 6/9
  2362 | D:3      | Found a glowing golden altar of the Shining One.
  2458 | D:3      | Found a stormy altar of Qazlal.
  2754 | D:3      | Reached skill level 5 in Unarmed Combat
  3049 | D:3      | Found a shimmering altar of Xom.
  3049 | D:3      | Noticed a dream sheep
  3049 | D:3      | Noticed a dream sheep
  3049 | D:3      | Noticed a dream sheep
  3049 | D:3      | Noticed a dream sheep
  3049 | D:3      | Noticed a dream sheep
  3053 | D:3      | Killed a dream sheep
  3054 | D:3      | Killed a dream sheep
  3054 | D:3      | Killed a dream sheep
  3054 | D:3      | Killed a dream sheep
  3054 | D:3      | Killed a dream sheep
  3282 | D:4      | Found Ybaluil's Book Shop.
  3306 | D:4      | Reached XP level 6. HP: 16/30 MP: 3/10
  3412 | D:4      | HP: 1/30 [worker ant (1)]
  3506 | D:4      | Found an ornate altar of the Wu Jian Council.
  3981 | D:5      | Entered Level 5 of the Dungeon
  3998 | D:5      | Reached skill level 6 in Unarmed Combat
  4036 | D:5      | Found a staircase to the Ecumenical Temple.
  4042 | D:5      | Found a basalt altar of Yredelemnul.
  4054 | Temple   | Entered the Ecumenical Temple
  4178 | Temple   | Became a worshipper of Cheibriados the Contemplative
  4212 | D:5      | Noticed an ice beast
  4238 | D:5      | Killed an ice beast
  4238 | D:5      | Reached skill level 1 in Invocations
  4238 | D:5      | Reached XP level 7. HP: 11/35 MP: 7/11
  4300 | D:5      | Found an iron altar of Okawaru.
  4412 | D:5      | Noticed Grinder
  4428 | D:5      | Killed Grinder
  4594 | D:5      | Reached skill level 5 in Transmutations
  4709 | D:5      | Slain by a gnoll

Vault maps used:
D:1:      dpeg_arrival_renting
D:2:      kennysheep_generic_room_15
D:3:      cheibrodos_old_hovel, nicolae_tso_swordbearing_angel, bloody_trog,
          kb_xom_exploding_sheep, grunt_qazlal_clouds
D:4:      lemuel_doored_altar, serial_shops, nicolae_shop_behind_doors,
          grunt_decor_one_mirror
D:5:      nicolae_overflow_crystal_walls, yredelemnul_altar_generic,
          minmay_temple_entry_statues_pillars, first_ration, uniq_grinder,
          uniq_crazy_yiuf_cottage
Temple:   nicolae_temple_figure_zero

Skill      XL: |  1  2  3  4  5  6  7 |
---------------+----------------------+-----
Fighting       | 1 2 3 |  3.0
Dodging        | 2 |  2.2
Unarmed Combat | 4 5 6 |  6.1
Transmutations | 3 5 |  5.1
Invocations    | 1 2 |  2.4
Spellcasting   | |  2.1

Action                   |  1- 3 |  4- 6 |  7- 9 || total
-------------------------+-------+-------+-------++-------
Melee: Unarmed           |   115 |   218 |    44 ||   377
       Bite              |    27 |    50 |    16 ||    93
       Headbutt          |     2 |    13 |     2 ||    17
       Kick              |     2 |     6 |       ||     8
       Punch             |     1 |     8 |     1 ||    10
 Cast: Beastly Appendage |     8 |    10 |     2 ||    20
       Sticks to Snakes  |       |     5 |     5 ||    10
  Use: Scroll            |       |    10 |       ||    10
       Potion            |       |     5 |       ||     5
 Stab: Sleeping          |       |     1 |     1 ||     2
  Eat: Chunk             |     3 |     8 |     3 ||    14
Armor: Robe              |    13 |    36 |     3 ||    52
       Skin              |       |     3 |       ||     3
Dodge: Dodged            |    60 |   129 |    27 ||   216

Table legend:
 A = Spawn XP
 B = Non-spawn XP
 C = Spawn XP percentage of total XP
 D = Spawn monster count
 E = Non-spawn monster count
 F = Spawn count percentage of total count
 G = Total turns spent on level
                    A         B        C        D         E        F      G
               +---------+---------+-------+---------+---------+-------+---------
         Total |       0 |    1171 |   0.0 |       0 |     112 |   0.0 |  4709
               +---------+---------+-------+---------+---------+-------+---------
           D:1 |       0 |      40 |   0.0 |       0 |      20 |   0.0 |  1223
           D:2 |       0 |      51 |   0.0 |       0 |      19 |   0.0 |   987
           D:3 |       0 |     161 |   0.0 |       0 |      40 |   0.0 |   924
           D:4 |       0 |     246 |   0.0 |       0 |      20 |   0.0 |   847
           D:5 |       0 |     673 |   0.0 |       0 |      13 |   0.0 |   593
               +---------+---------+-------+---------+---------+-------+---------
